 Dungeon Crawl Stone Soup version 0.31.0-12-g77e489cdc1 (webtiles) character file.

Game seed: 12698059196610851774

38 jimonade the Trooper (level 3, -4/29 HPs)
             Began as a Mummy Monk on Feb 26, 2024.
             Slain by a gnoll
             ... wielding a +0 spear
              (8 damage)
             ... on level 2 of the Dungeon.
             The game lasted 00:03:16 (896 turns).

jimonade the Trooper (Mummy Monk)                    Turns: 896, Time: 00:03:17

Health: -4/29      AC:  3    Str: 14    XL:     3   Next: 25%
Magic:  3/3        EV: 12    Int: 11    God:
Gold:   74         SH:  0    Dex: 14    Spells: 2/2 levels left

rFire   x . .        a - +0 mace
rCold   + . .        c - orb {light}
rNeg    + + +        j - +0 leather armour
rPois   ∞            (no helmet)
rElec   .            (no cloak)
rCorr   .            (no gloves)
SInv    .            (no boots)
Will    .....        (no amulet)
Stlth   +            (no ring)
HPRegen 0.24/turn    (no ring)
MPRegen 0.08/turn

%: faith
@: glowing
A: cold resistance 1, negative energy resistance 3, torment resistance 2, heat
vulnerability 1, in touch with death 1, no potions, faith
a: no special abilities


You were on level 2 of the Dungeon.
You visited 1 branch of the dungeon, and saw 2 of its levels.

You collected 74 gold pieces.

Inventory:

Hand Weapons
 a - a +0 mace (weapon)
 d - a +0 whip
 f - a +0 mace
 i - a +1 dagger of speed
Missiles
 e - 22 stones (quivered)
 m - 5 boomerangs
Armour
 b - a +0 robe
 c - an orb of light (worn)
 j - a +0 leather armour (worn)
 k - an orb of mayhem
 l - a +0 ring mail
Scrolls
 g - a scroll of immolation {unknown}
 h - a scroll of identify {unknown}
 n - a scroll of noise {unknown}


   Skills:
 - Level 3.0 Fighting
 + Level 3.0 Maces & Flails
 + Level 3.0 Dodging


You had 2 spell levels left.
You didn't know any spells.
Your spell library was empty.

Dungeon Overview and Level Annotations

Branches:
Dungeon (2/15) Zot: 11081

Altars:

Shops:
D:1 :


Innate Abilities, Weirdness & Mutations

You are immune to poison.
Your flesh is cold resistant. (rC+)
You are immune to negative energy. (rN+++)
You are immune to unholy pain and torment.
You are vulnerable to heat. (rF-)
You are in touch with the powers of death.
You do not drink.
You have a special connection with the divine. (Faith)


Message History

You closely miss the kobold. The kobold closely misses you.
You hit the kobold.
You kill the kobold!
No target in view!
You see here a +0 dagger.
There is an open door here.
n - a scroll labelled HICVAINISA You open the door.
There is an open door here.
A kobold comes into view. It is wielding a +0 short sword.
The kobold shouts!
The kobold throws a stone.
The stone barely misses you.
A ball python comes into view.
The kobold throws a stone.
The stone hits you.
You hit the ball python.
You kill the ball python!
You see here a ball python corpse.
You hit the kobold.
You kill the kobold!
No target in view!
No target in view!
Found a murky amethyst potion.
e - 15 stones (gained 1)
Things that are here:
a +0 short sword; a kobold corpse A kobold comes into view.
It is wielding a +0 club.
The kobold shouts!
Found 7 stones.
The kobold closely misses you.
You hit the kobold but do no damage. The kobold completely misses you.
You hit the kobold.
You kill the kobold!
No target in view!
No target in view!
A goblin comes into view. It is wielding a +0 dagger.
The goblin shouts!
The goblin hits you with a +0 dagger.
You see here 7 stones.
e - 22 stones (gained 7)
The goblin closely misses you.
You hit the goblin.
You kill the goblin!
No target in view!
No target in view!
Things that are here:
a +0 dagger; a goblin corpse
Things that are here:
a +0 dagger; a goblin corpse
Found a club.
You see here a +0 club.
A goblin comes into view. It is wielding a +0 club.
The goblin shouts!
The goblin hits you with a +0 club.
You hit the goblin.
The goblin is moderately wounded.
The goblin barely misses you. The goblin hits you with a +0 club.
You hit the goblin.
You kill the goblin!
Something unseen opens the door.
You sense a monster nearby.
A hobgoblin comes into view.
The hobgoblin shouts!
You hit the hobgoblin.
You kill the hobgoblin!
No target in view!
No target in view!
There is an open door here.
You see here a +0 long sword of holy wrath.
A gnoll comes into view. It is wielding a +0 whip.
The gnoll shouts!
Found a stone staircase leading down.
A gnoll comes into view. It is wielding a +0 spear.
The gnoll shouts!
A gnoll comes into view.
It is wielding a +2 halberd of protection.
A goblin comes into view. It is wielding a +0 club.
There is an open door here.
The gnoll shouts!
The goblin shouts!
A gnoll comes into view. It is wielding a +0 whip.
The gnoll hits you with a +0 whip.
The gnoll shouts!
You hit the gnoll but do no damage. The gnoll hits you with a +0 whip.
You thump the gnoll!
The gnoll is heavily wounded.
The gnoll barely misses you. The gnoll closely misses you.
The gnoll misses you. The gnoll closely misses you.
You hit the gnoll.
The gnoll is severely wounded.
The gnoll closely misses you.
The gnoll hits you from afar with a +0 spear.
There is an open door here.
The gnoll attacks as it pursues you! The gnoll barely misses you.
The gnoll hits you from afar with a +0 spear.
* * * LOW HITPOINT WARNING * * *
The gnoll hits you from afar with a +0 spear!
* * * LOW HITPOINT WARNING * * *
The gnoll attacks as it pursues you! The gnoll closely misses you.
There is an open door here.
The gnoll attacks as it pursues you!
The gnoll hits you from afar with a +0 spear!
You die...

#.# #.# ... #.# #.#
#g# #.# ##'## #.#
##g..## #)###
##.....## #.#.##
##g......##
#....####.........#
#......@'gg.......'..
#.....###.........###
###.#.# ##.......##
###.# ##.....## #.#
##...## #.# ##+## #.#
#.# #.# #.#
##)#######.##


You could see 3 gnolls and a goblin.

Vanquished Creatures
  3 endoplasms
  A giant cockroach (D:1)
  4 goblins
  5 hobgoblins
  3 jackals (D:1)
  4 ball pythons
  2 bats (D:1)
  8 kobolds
  6 rats
36 creatures vanquished.

Notes
Turn   | Place    | Note
-------+----------+-------------------------------------------
     0 | D:1      | jimonade the Mummy Monk began the quest for the Orb.
     0 | D:1      | Reached XP level 1. HP: 18/18 MP: 1/1
    88 | D:1      | Reached XP level 2. HP: 15/24 MP: 2/2
   259 | D:1      | Found Aczezai's Book Emporium.
   639 | D:2      | Reached XP level 3. HP: 29/29 MP: 3/3
   896 | D:2      | Slain by a gnoll

Illustrated notes

Levels and vault maps discovered:
D:1:      ncdulo_watergridlock, layout_rooms, serial_shops,
          nicolae_book_shop_shelving, serial_bayou_pond_e
D:2:      layout_loops_corners

Skill      XL: |  1  2 |
---------------+-------+-----
Maces & Flails | 3 |  3.0
Dodging        | 3 |  3.0
Fighting       | |  3.0

Action                     || total
---------------------------++-------
  Melee: Mace              ||    83
 Armour: Robe              ||    31
         Leather armour    ||    17
  Dodge: Dodged            ||    64
